[Event "45th FIDE Olympiad 2024"]
[Site "Budapest"]
[Date "2024.09.15"]
[Round "5.145"]
[White "Romanov, Evgeny"]
[Black "Giron, Jorge Ernesto"]
[Result "1-0"]
[ECO "E05"]
[WhiteElo "2567"]
[BlackElo "2276"]
[PlyCount "45"]
[EventDate "2024.09.05"]
[EventType "team-tourn"]
[EventCountry "HUN"]
[WhiteTeam "North Macedonia"]
[BlackTeam "El Salvador"]
[BlackTeamCountry "ESA"]
[TimeControl "40/5400+30:1800+30"]

1. Nf3 Nf6 2. c4 e6 3. g3 d5 4. Bg2 Be7 5. O-O O-O 6. d4 dxc4 7. Qc2 b5 8. a4 b4 9. Ne5 Qxd4 10. Bxa8 Qxe5 11. Bf4 Qa5 12. Nd2 Ba6 13. Nxc4 Qc5 14. Rac1 Nc6 15. Bxc6 Qxc6 16. Na5 Qd5 17. Nc6 Re8 18. Rfd1 Qh5 19. Nxe7+ Kh8 20. f3 e5 21. g4 Qh3 22. Bxe5 Rxe7 23. Rd8+ 1-0

[Event "45th FIDE Olympiad 2024"]
[Site "Budapest"]
[Date "2024.09.15"]
[Round "5.146"]
[White "Chavez, Ricardo Ernesto"]
[Black "Lazov, Toni"]
[Result "0-1"]
[ECO "B06"]
[WhiteElo "2185"]
[BlackElo "2360"]
[PlyCount "88"]
[EventDate "2024.09.05"]
[EventType "team-tourn"]
[EventCountry "HUN"]
[WhiteTeam "El Salvador"]
[BlackTeam "North Macedonia"]
[WhiteTeamCountry "ESA"]
[TimeControl "40/5400+30:1800+30"]

1. e4 g6 2. d4 Bg7 3. Nc3 c6 4. Nf3 d6 5. Be3 Nd7 6. Qd2 Qc7 7. Bd3 b5 8. a4 b4 9. Ne2 c5 10. c3 c4 11. Bb1 b3 12. O-O e5 13. Ng3 h5 14. Qe2 a5 15. dxe5 dxe5 16. Rd1 Ngf6 17. Nd2 Ba6 18. f3 h4 19. Ngf1 Nh5 20. g3 hxg3 21. hxg3 Qc6 22. Bf2 Qe6 23. Ne3 Nf4 24. gxf4 Qh3 25. Bg3 Qxg3+ 26. Qg2 Qxg2+ 27. Kxg2 Nb6 28. fxe5 Bxe5 29. Ng4 f6 30. Nf1 Rd8 31. Re1 g5 32. Nge3 Kf7 33. Kf2 Nd7 34. Ng4 Nf8 35. Nge3 Ng6 36. Nd5 Rh3 37. Kg2 Bc8 38. Re3 Be6 39. Kf2 Rh1 40. Re1 Nh4 41. Re3 Bh3 42. Re1 Bxf1 43. Rxf1 Rh2+ 44. Ke3 Ng2+ {0-} 0-1

[Event "45th FIDE Olympiad 2024"]
[Site "Budapest"]
[Date "2024.09.15"]
[Round "5.147"]
[White "Nikolovski, Nikola"]
[Black "Morales, Carlos"]
[Result "1-0"]
[ECO "B13"]
[WhiteElo "2388"]
[BlackElo "2131"]
[PlyCount "73"]
[EventDate "2024.09.05"]
[EventType "team-tourn"]
[EventCountry "HUN"]
[WhiteTeam "North Macedonia"]
[BlackTeam "El Salvador"]
[BlackTeamCountry "ESA"]
[TimeControl "40/5400+30:1800+30"]

1. e4 c6 2. d4 d5 3. exd5 cxd5 4. Bd3 Nc6 5. c3 Nf6 6. Bf4 Bg4 7. Qb3 Na5 8. Qa4+ Bd7 9. Qc2 Rc8 10. Nd2 Qb6 11. a4 Nc6 12. Qb3 g6 13. Qxb6 axb6 14. Ngf3 Nh5 15. Be3 e6 16. g4 Nf6 17. h3 h5 18. g5 Ng8 19. Bf4 Bg7 20. Ke2 Nge7 21. b4 O-O 22. Nb3 Rfd8 23. Kd2 Bf8 24. a5 bxa5 25. b5 b6 26. bxc6 Nxc6 27. Ne5 Nxe5 28. Bxe5 a4 29. Nc1 Be7 30. h4 Be8 31. Na2 Bd6 32. f4 b5 33. Rhb1 Rb8 34. Nb4 Rb7 35. Nc2 Bxe5 36. fxe5 Rdb8 37. Rb4 1-0

[Event "45th FIDE Olympiad 2024"]
[Site "Budapest"]
[Date "2024.09.15"]
[Round "5.148"]
[White "Guevara Ruiz, Marvin Andres"]
[Black "Zlatkov, Anton"]
[Result "0-1"]
[ECO "B45"]
[WhiteElo "2003"]
[BlackElo "2346"]
[PlyCount "56"]
[EventDate "2024.09.05"]
[EventType "team-tourn"]
[EventCountry "HUN"]
[WhiteTeam "El Salvador"]
[BlackTeam "North Macedonia"]
[WhiteTeamCountry "ESA"]
[TimeControl "40/5400+30:1800+30"]

1. e4 c5 2. Nf3 Nc6 3. d4 cxd4 4. Nxd4 Nf6 5. Nc3 e6 6. Bg5 h6 7. Bh4 Bb4 8. Nxc6 bxc6 9. Bxf6 Qxf6 10. Qd2 O-O 11. Be2 d5 12. exd5 cxd5 13. Rd1 Bb7 14. O-O Rfc8 15. Bd3 a5 16. Qc1 Bxc3 17. bxc3 Ba6 18. c4 Bxc4 19. Qa3 Bxd3 20. cxd3 Qd4 21. Rd2 Rc3 22. Qb2 Rac8 23. h3 a4 24. Rfd1 a3 25. Qb7 Rc1 26. Qb3 R8c3 27. Qb5 Qf4 28. Kh1 Qxd2 {0-} 0-1

[Event "45th FIDE Olympiad 2024"]
[Site "Budapest"]
[Date "2024.09.15"]
[Round "5.149"]
[White "Amartuvshin, Ganzorig"]
[Black "Eltigani, Omar"]
[Result "1-0"]
[ECO "D43"]
[WhiteElo "2402"]
[BlackElo "2241"]
[PlyCount "79"]
[EventDate "2024.09.05"]
[EventType "team-tourn"]
[EventCountry "HUN"]
[WhiteTeam "Mongolia"]
[BlackTeam "Sudan"]
[WhiteTeamCountry "MGL"]
[BlackTeamCountry "SUD"]
[TimeControl "40/5400+30:1800+30"]

1. d4 d5 2. c4 c6 3. Nc3 Nf6 4. Nf3 e6 5. Bg5 h6 6. Bxf6 Qxf6 7. e3 Nd7 8. Be2 g6 9. O-O dxc4 10. Ne4 Qe7 11. Ne5 Bg7 12. f4 O-O 13. Bxc4 Nb6 14. Bb3 Nd5 15. Qe2 Kh7 16. Bc2 Nb4 17. Bb1 f5 18. a3 Nd5 19. Nc3 Bxe5 20. fxe5 Bd7 21. Bc2 b6 22. Bb3 Nxc3 23. bxc3 c5 24. c4 Bc6 25. d5 Bb7 26. e4 f4 27. Qg4 Qg5 28. Qxg5 hxg5 29. Ba4 Bc8 30. Bc6 Rb8 31. a4 Bb7 32. Bb5 a6 33. Bd7 Bc8 34. dxe6 Bxd7 35. exd7 Kg7 36. Rfd1 Kf7 37. Rd6 Ke7 38. Rad1 Rg8 39. h3 Rbd8 40. Kf2 1-0

[Event "45th FIDE Olympiad 2024"]
[Site "Budapest"]
[Date "2024.09.15"]
[Round "5.150"]
[White "Ahmed, Hassan"]
[Black "Chinguun, Sumiya"]
[Result "0-1"]
[ECO "B52"]
[WhiteElo "2234"]
[BlackElo "2389"]
[PlyCount "96"]
[EventDate "2024.09.05"]
[EventType "team-tourn"]
[EventCountry "HUN"]
[WhiteTeam "Sudan"]
[BlackTeam "Mongolia"]
[WhiteTeamCountry "SUD"]
[BlackTeamCountry "MGL"]
[TimeControl "40/5400+30:1800+30"]

1. e4 c5 2. Nf3 d6 3. Bb5+ Bd7 4. Bxd7+ Qxd7 5. O-O Nc6 6. c3 Nf6 7. d4 Nxe4 8. d5 Nb8 9. Re1 Nf6 10. c4 g6 11. Nc3 Bg7 12. Qe2 Na6 13. Nb5 Nc7 14. Qxe7+ Qxe7 15. Nxc7+ Kd7 16. Rxe7+ Kxe7 17. Nxa8 Rxa8 18. Bf4 h6 19. a4 Kd7 20. Re1 a6 21. a5 Rb8 22. Bd2 b5 23. axb6 Rxb6 24. Bc3 Ne8 25. Bxg7 Nxg7 26. Re2 Rb3 27. Ne1 Nf5 28. Nf3 Nd4 29. Nxd4 cxd4 30. Rd2 d3 31. f3 Kc7 32. Kf2 Kb6 33. Ke3 Kc5 34. Rd1 Kxc4 35. Ra1 Rxb2 36. Ra4+ Kxd5 37. g4 Rxh2 38. Kxd3 h5 39. gxh5 gxh5 40. Rxa6 h4 41. Ra5+ Ke6 42. Rh5 h3 43. Ke3 d5 44. f4 Rh1 45. Kf2 d4 46. Re5+ Kd6 47. Rf5 d3 48. Ke3 h2 {0-} 0-1

[Event "45th FIDE Olympiad 2024"]
[Site "Budapest"]
[Date "2024.09.15"]
[Round "5.151"]
[White "Amilal, Munkhdalai"]
[Black "Hamid, Mohammed"]
[Result "1-0"]
[ECO "B38"]
[WhiteElo "2374"]
[BlackElo "2090"]
[PlyCount "91"]
[EventDate "2024.09.05"]
[EventType "team-tourn"]
[EventCountry "HUN"]
[WhiteTeam "Mongolia"]
[BlackTeam "Sudan"]
[WhiteTeamCountry "MGL"]
[BlackTeamCountry "SUD"]
[TimeControl "40/5400+30:1800+30"]

1. e4 c5 2. Nf3 d6 3. d4 cxd4 4. Nxd4 Nc6 5. c4 Nf6 6. Nc3 g6 7. Be2 Bg7 8. Be3 O-O 9. O-O a6 10. Qd2 Ng4 11. Bxg4 Bxg4 12. f3 Bd7 13. Rfd1 Rc8 14. b3 f5 15. exf5 gxf5 16. Rac1 Qe8 17. Nd5 e5 18. Nxc6 Bxc6 19. Bg5 Rf7 20. Nb6 Rb8 21. Qxd6 Bf8 22. Qd2 Bc5+ 23. Be3 Bxb6 24. Bxb6 Rg7 25. Rc3 Qh5 26. Rf1 Re8 27. Rf2 Rg6 28. Rd3 e4 29. Rd8 Rg7 30. f4 Rge7 31. Be3 Kf7 32. Rxe8 Kxe8 33. Qd6 Qg6 34. Qb8+ Kf7 35. Rd2 Qg7 36. Rd4 Re8 37. Qc7+ Kg8 38. Qa5 Qf6 39. Qd2 Kf7 40. Qa5 Kg8 41. b4 Qh4 42. b5 axb5 43. cxb5 b6 44. Qb4 Bb7 45. Rd7 Qh5 46. Qd4 1-0

[Event "45th FIDE Olympiad 2024"]
[Site "Budapest"]
[Date "2024.09.15"]
[Round "5.152"]
[White "Eltag, Siddig"]
[Black "Itgelt, Khuyagtsogt"]
[Result "0-1"]
[ECO "D97"]
[WhiteElo "2138"]
[BlackElo "2412"]
[PlyCount "72"]
[EventDate "2024.09.05"]
[EventType "team-tourn"]
[EventCountry "HUN"]
[WhiteTeam "Sudan"]
[BlackTeam "Mongolia"]
[WhiteTeamCountry "SUD"]
[BlackTeamCountry "MGL"]
[TimeControl "40/5400+30:1800+30"]

1. d4 Nf6 2. c4 g6 3. Nc3 d5 4. Nf3 Bg7 5. Qb3 dxc4 6. Qxc4 O-O 7. e4 a6 8. a4 b5 9. Qb3 c5 10. dxc5 Be6 11. Qa3 b4 12. Qxb4 Nc6 13. Qa3 Rb8 14. a5 Nb4 15. Qa4 Bb3 16. Qxb3 Nd3+ 17. Bxd3 Rxb3 18. Bc2 Rxc3 19. bxc3 Nxe4 20. Ra3 Nxc3 21. Bd2 Nb5 22. Rd3 Qc7 23. O-O Qxc5 24. Bb3 Nd6 25. Rc1 Qb5 26. Re3 Rd8 27. g4 h5 28. h3 hxg4 29. hxg4 Qd7 30. Nh2 Nb5 31. Bb4 e6 32. Nf3 Nd4 33. Bc4 Nxf3+ 34. Rxf3 Qd4 35. Be7 Rc8 36. Rd3 Rxc4 {0-} 0-1

[Event "45th FIDE Olympiad 2024"]
[Site "Budapest"]
[Date "2024.09.15"]
[Round "5.153"]
[White "Ahmad, Al Khatib"]
[Black "Mohammad Fahad, Rahman"]
[Result "0-1"]
[ECO "D36"]
[WhiteElo "2302"]
[BlackElo "2419"]
[PlyCount "118"]
[EventDate "2024.09.05"]
[EventType "team-tourn"]
[EventCountry "HUN"]
[WhiteTeam "Jordan"]
[BlackTeam "Bangladesh"]
[WhiteTeamCountry "JOR"]
[BlackTeamCountry "BAN"]
[TimeControl "40/5400+30:1800+30"]

1. d4 d5 2. Nf3 Nf6 3. c4 e6 4. cxd5 exd5 5. Qc2 g6 6. Bg5 c6 7. Nc3 Be7 8. e3 Bf5 9. Bd3 Bxd3 10. Qxd3 Nbd7 11. O-O O-O 12. Qc2 Re8 13. Bxf6 Nxf6 14. Ne5 Bd6 15. f4 Qe7 16. a3 a5 17. Rf3 Rac8 18. Raf1 Rf8 19. g4 Bxe5 20. fxe5 Nxg4 21. h3 Nxe3 22. Rxe3 Qg5+ 23. Kf2 Qf4+ 24. Ke2 Qxd4 25. Qa4 Qb6 26. Nd1 Rce8 27. Rf4 c5 28. Rf6 Qc7 29. Qf4 Re6 30. Nf2 h5 31. Rxe6 fxe6 32. Qg3 Kg7 33. Rf3 Rxf3 34. Kxf3 Qf7+ 35. Kg2 c4 36. h4 b5 37. Qf3 b4 38. axb4 axb4 39. Qxf7+ Kxf7 40. Kf3 g5 41. hxg5 Kg6 42. Nh3 b3 43. Nf4+ Kxg5 44. Nxe6+ Kf5 45. Nf4 c3 46. Nd3 cxb2 47. Nxb2 Kxe5 48. Ke3 h4 49. Nd3+ Kf5 50. Kf3 d4 51. Nb2 h3 52. Nd3 h2 53. Kg2 Kg4 54. Kxh2 Kf3 55. Kg1 Ke3 56. Nb2 Ke2 57. Na4 d3 58. Nc3+ Ke1 59. Kg2 d2 {0-} 0-1

[Event "45th FIDE Olympiad 2024"]
[Site "Budapest"]
[Date "2024.09.15"]
[Round "5.154"]
[White "Manon, Reja Neer"]
[Black "Loay, Sameer"]
[Result "1-0"]
[ECO "B30"]
[WhiteElo "2417"]
[BlackElo "2194"]
[PlyCount "77"]
[EventDate "2024.09.05"]
[EventType "team-tourn"]
[EventCountry "HUN"]
[WhiteTeam "Bangladesh"]
[BlackTeam "Jordan"]
[WhiteTeamCountry "BAN"]
[BlackTeamCountry "JOR"]
[TimeControl "40/5400+30:1800+30"]

1. e4 c5 2. Nf3 Nc6 3. Bb5 Nf6 4. Nc3 Nd4 5. e5 Nxb5 6. Nxb5 Nd5 7. Ng5 f6 8. Qh5+ g6 9. Qf3 fxg5 10. Qxd5 Qb6 11. a4 e6 12. Qe4 Be7 13. O-O a6 14. Na3 O-O 15. d3 Qa7 16. a5 b5 17. axb6 Qxb6 18. Nc4 Qa7 19. Qe2 Rb8 20. f4 Bb7 21. fxg5 Rxf1+ 22. Kxf1 Rf8+ 23. Kg1 Qb8 24. h4 Rf5 25. Bd2 Bd5 26. Bc3 Rf4 27. g3 Rf3 28. Ne3 Ba8 29. Kh2 c4 30. d4 Qb7 31. d5 Rxe3 32. Qxe3 Qxd5 33. Qe2 Bc5 34. Rd1 Qc6 35. Qf1 Qe4 36. Rxd7 Bf2 37. Rd8+ Kg7 38. Rxa8 Qxc2 39. Qg2 1-0

[Event "45th FIDE Olympiad 2024"]
[Site "Budapest"]
[Date "2024.09.15"]
[Round "5.155"]
[White "Saif, Malek"]
[Black "Hossain, Enamul"]
[Result "0-1"]
[ECO "B46"]
[WhiteElo "2162"]
[BlackElo "2354"]
[PlyCount "126"]
[EventDate "2024.09.05"]
[EventType "team-tourn"]
[EventCountry "HUN"]
[WhiteTeam "Jordan"]
[BlackTeam "Bangladesh"]
[WhiteTeamCountry "JOR"]
[BlackTeamCountry "BAN"]
[TimeControl "40/5400+30:1800+30"]

1. e4 c5 2. Nf3 e6 3. d4 cxd4 4. Nxd4 Nc6 5. Nc3 a6 6. a3 Qc7 7. g3 Nf6 8. Bg2 Nxd4 9. Qxd4 Bc5 10. Qd3 Ng4 11. Nd1 b5 12. Qe2 h5 13. h3 Ne5 14. Ne3 Bb7 15. O-O h4 16. g4 Ng6 17. Rd1 Nf4 18. Qf1 Qe5 19. Re1 Bd6 20. Bf3 Bxe4 21. Bxe4 Qxe4 22. f3 Qe5 23. Bd2 Ng6 24. Re2 Qxb2 25. Ng2 Qd4+ 26. Be3 Qc4 27. f4 Ne7 28. Rd1 Bxa3 29. f5 Nd5 30. Qf3 O-O 31. f6 Nxf6 32. g5 Qe4 33. Qf2 Nd5 34. Rd4 Qe5 35. Bc1 Qd6 36. Bxa3 Qxa3 37. Qxh4 Rac8 38. Kh2 Qd6+ 39. Kg1 Rc3 40. Red2 Qc5 41. Kh1 Rxc2 42. R2d3 Rc1+ 43. Kh2 Qc7+ 44. Rg3 Ne7 45. Ne3 Rc3 46. g6 Nxg6 47. Qg5 Qe5 48. Qxe5 Nxe5 49. Nd5 Rc2+ 50. Kh1 exd5 51. Rxd5 Re8 52. Re3 f6 53. h4 Kh7 54. Rd1 Rec8 55. h5 Rc1 56. Ree1 Rxd1 57. Rxd1 Rc2 58. Rf1 b4 59. h6 Kxh6 60. Rb1 Nf3 61. Rb2 b3 62. Ra2 Rh2+ 63. Rxh2+ Nxh2 {0-} 0-1

[Event "45th FIDE Olympiad 2024"]
[Site "Budapest"]
[Date "2024.09.15"]
[Round "5.156"]
[White "Zia, Tahsin Tajwar"]
[Black "Anas, Khwaira"]
[Result "0-1"]
[ECO "A06"]
[WhiteElo "2255"]
[BlackElo "1994"]
[PlyCount "112"]
[EventDate "2024.09.05"]
[EventType "team-tourn"]
[EventCountry "HUN"]
[WhiteTeam "Bangladesh"]
[BlackTeam "Jordan"]
[WhiteTeamCountry "BAN"]
[BlackTeamCountry "JOR"]
[TimeControl "40/5400+30:1800+30"]

1. Nf3 c5 2. b3 Nc6 3. Bb2 d5 4. e3 Nf6 5. Bb5 Qb6 6. Qe2 a6 7. Bxc6+ Qxc6 8. d3 g6 9. O-O Bg7 10. Nbd2 O-O 11. h3 b6 12. a4 Bb7 13. a5 b5 14. Be5 Bh6 15. b4 cxb4 16. Nd4 Qc8 17. Bxf6 exf6 18. Rfb1 Qc3 19. N2b3 Rac8 20. Qf3 f5 21. g3 Rfe8 22. h4 Re7 23. Kg2 Qc7 24. Rh1 Qd6 25. h5 Bg7 26. Rac1 Rc3 27. Rh4 Rec7 28. hxg6 hxg6 29. Rch1 Qf6 30. Qd1 Kf8 31. Rh7 Rc8 32. Qf3 Ke7 33. Qf4 R3c7 34. Nd2 Rd7 35. N2f3 Rdd8 36. Ng5 Rh8 37. Rxh8 Bxh8 38. Ndf3 d4 39. Rh7 Bg7 40. exd4 Rxc2 41. d5 Bxd5 42. Qxb4+ Ke8 43. Rxg7 Qxg7 44. Qd6 Bxf3+ 45. Nxf3 Qc3 46. Qxa6 Qc6 47. Qa7 b4 48. Qb8+ Qc8 49. Qxb4 Qc5 50. Qe1+ Kf8 51. d4 Qd5 52. Qe3 Ra2 53. Kh2 Qxa5 54. Ne5 Qd5 55. Nd3 Qe4 56. Qh6+ Kg8 {0-} 0-1

[Event "45th FIDE Olympiad 2024"]
[Site "Budapest"]
[Date "2024.09.15"]
[Round "5.157"]
[White "Al-Ali, Hussein Ali Hussein"]
[Black "Nielsen, Hogni Egilstoft"]
[Result "0-1"]
[ECO "C47"]
[WhiteElo "2122"]
[BlackElo "2379"]
[PlyCount "98"]
[EventDate "2024.09.05"]
[EventType "team-tourn"]
[EventCountry "HUN"]
[WhiteTeam "Iraq"]
[BlackTeam "Faroe Islands"]
[WhiteTeamCountry "IRQ"]
[BlackTeamCountry "FAI"]
[TimeControl "40/5400+30:1800+30"]

1. e4 e5 2. Nf3 Nc6 3. Nc3 Nf6 4. g3 d5 5. exd5 Nxd5 6. Bg2 Nxc3 7. bxc3 Bd6 8. O-O O-O 9. d3 h6 10. Rb1 Rb8 11. Nd2 Be6 12. a4 Qd7 13. Ne4 Be7 14. Be3 b6 15. f4 f5 16. Nd2 Bf6 17. c4 Rbd8 18. h3 Na5 19. Rb5 e4 20. Qe1 Bc3 21. Rf2 Rfe8 22. Bf1 a6 23. Rb1 Qxa4 24. Qc1 Bf7 25. dxe4 fxe4 26. c5 b5 27. Nb3 Nxb3 28. cxb3 Qb4 29. Rc2 Bd4 30. Kh2 Bxe3 31. Qxe3 c6 32. Bg2 Rd3 33. Qe1 Qxe1 34. Rxe1 Bxb3 35. Rce2 Bd5 36. Ra1 Ra8 37. g4 Rd4 38. Ra5 Kf7 39. Re3 Rc4 40. Kg3 Kf6 41. h4 g5 42. hxg5+ hxg5 43. Ra1 a5 44. Rh1 a4 45. fxg5+ Ke5 46. g6 a3 47. g7 a2 48. Ree1 Rc3+ 49. Kh4 Rg8 {0-} 0-1

[Event "45th FIDE Olympiad 2024"]
[Site "Budapest"]
[Date "2024.09.15"]
[Round "5.158"]
[White "Egilstoft, Rogvi"]
[Black "Mohammed, Zozek Salah Mohammed"]
[Result "1-0"]
[ECO "C11"]
[WhiteElo "2278"]
[BlackElo "2180"]
[PlyCount "113"]
[EventDate "2024.09.05"]
[EventType "team-tourn"]
[EventCountry "HUN"]
[WhiteTeam "Faroe Islands"]
[BlackTeam "Iraq"]
[WhiteTeamCountry "FAI"]
[BlackTeamCountry "IRQ"]
[TimeControl "40/5400+30:1800+30"]

1. e4 e6 2. Nf3 d5 3. Nc3 Nf6 4. e5 Nfd7 5. d4 c5 6. dxc5 Bxc5 7. Bd3 Nc6 8. Bf4 f6 9. exf6 Nxf6 10. O-O O-O 11. Qe2 Bd6 12. Bxd6 Qxd6 13. Nb5 Qf4 14. Rfe1 a6 15. g3 Qh6 16. Nc7 Rb8 17. h4 Bd7 18. c4 Kh8 19. Nxe6 Bxe6 20. Qxe6 Rbe8 21. Qf5 Ne4 22. Qxd5 Nb4 23. Qd4 Nd2 24. Nxd2 Rxe1+ 25. Rxe1 Qxd2 26. Re7 Rg8 27. Rd7 Nxd3 28. Qxd3 Qxb2 29. Rd8 h6 30. Rxg8+ Kxg8 31. Qd5+ Kh8 32. c5 Qb5 33. Kg2 a5 34. a4 Qb4 35. Qd8+ Kh7 36. Qd3+ Kh8 37. Qd8+ Kh7 38. Qd3+ Kh8 39. Qd5 Kh7 40. Qf5+ Kh8 41. c6 bxc6 42. Qc8+ Kh7 43. Qxc6 Qe1 44. Qc2+ Kg8 45. Kf3 Qh1+ 46. Kf4 Qe1 47. Qc4+ Kf8 48. Qd4 Kf7 49. Kf3 Kf8 50. Qc4 Qd1+ 51. Ke4 Qg4+ 52. Kd5 Qf3+ 53. Kd6 g5 54. hxg5 hxg5 55. Qd4 Qf5 56. Kc6 Kg8 57. Qd5+ 1-0

[Event "45th FIDE Olympiad 2024"]
[Site "Budapest"]
[Date "2024.09.15"]
[Round "5.159"]
[White "Salih, Akar Ali Salih"]
[Black "Rodgaard, John"]
[Result "0-1"]
[ECO "B23"]
[WhiteElo "2174"]
[BlackElo "2273"]
[PlyCount "82"]
[EventDate "2024.09.05"]
[EventType "team-tourn"]
[EventCountry "HUN"]
[WhiteTeam "Iraq"]
[BlackTeam "Faroe Islands"]
[WhiteTeamCountry "IRQ"]
[BlackTeamCountry "FAI"]
[TimeControl "40/5400+30:1800+30"]

1. e4 c5 2. Nc3 e6 3. g3 Nc6 4. Nge2 a6 5. Bg2 b5 6. O-O Bb7 7. Re1 Qb6 8. d3 Nf6 9. Nf4 d6 10. h3 Be7 11. Be3 Rc8 12. Qd2 O-O 13. g4 Rfd8 14. g5 Nd7 15. Nh5 g6 16. Ng3 b4 17. Nd1 e5 18. f4 exf4 19. Bxf4 Nd4 20. Ne3 Ne5 21. Qf2 Rf8 22. Rad1 f6 23. gxf6 Bxf6 24. c3 Ne6 25. Bxe5 Bxe5 26. Nc4 Qd8 27. Qe3 Bf4 28. Qf3 Qh4 29. Kh2 Bd2 30. Nxd2 Rxf3 31. Nxf3 Qe7 32. Nf1 Nf4 33. Ne3 bxc3 34. bxc3 Rf8 35. c4 Bc8 36. Nd5 Nxd5 37. exd5 Qf6 38. Kh1 Bxh3 39. Bxh3 Qxf3+ 40. Bg2 Qg3 41. Re2 Rf2 {0-} 0-1

[Event "45th FIDE Olympiad 2024"]
[Site "Budapest"]
[Date "2024.09.15"]
[Round "5.160"]
[White "Apol, Luitjen Akselsson"]
[Black "Alothman, Ali Layth Ahmed"]
[Result "1-0"]
[ECO "D02"]
[WhiteElo "2219"]
[BlackElo "2161"]
[PlyCount "89"]
[EventDate "2024.09.05"]
[EventType "team-tourn"]
[EventCountry "HUN"]
[WhiteTeam "Faroe Islands"]
[BlackTeam "Iraq"]
[WhiteTeamCountry "FAI"]
[BlackTeamCountry "IRQ"]
[TimeControl "40/5400+30:1800+30"]

1. d4 d5 2. Nf3 e6 3. e3 c5 4. b3 cxd4 5. exd4 Nc6 6. Bb2 Bd6 7. Bd3 Nge7 8. O-O Ng6 9. Re1 Qf6 10. a3 O-O 11. c4 Nf4 12. Bf1 Qh6 13. Nc3 Bd7 14. Bc1 Qh5 15. g3 Ng6 16. Qd3 e5 17. cxd5 Nxd4 18. Nxd4 exd4 19. Ne4 Ne5 20. Be2 Nxd3 21. Bxh5 Nxe1 22. Nxd6 Nd3 23. Bd2 Nc5 24. Rb1 b6 25. b4 Na4 26. Re1 Rad8 27. Re7 g6 28. Bf3 Bg4 29. Bxg4 Rxd6 30. Bf3 Nc3 31. Bf4 Rdd8 32. d6 d3 33. d7 Ne2+ 34. Kf1 Nd4 35. Be4 Nf5 36. Bxf5 gxf5 37. Bh6 Rb8 38. Ke1 Rfd8 39. b5 f4 40. gxf4 f5 41. Kd2 Rf8 42. a4 Rfd8 43. Kxd3 Kh8 44. Kd4 Rg8 45. Ke5 1-0

[Event "45th FIDE Olympiad 2024"]
[Site "Budapest"]
[Date "2024.09.15"]
[Round "5.161"]
[White "Ashiku, Franc"]
[Black "Christie, Joshua"]
[Result "1/2-1/2"]
[ECO "D02"]
[WhiteElo "2400"]
[BlackElo "2271"]
[PlyCount "166"]
[EventDate "2024.09.05"]
[EventType "team-tourn"]
[EventCountry "HUN"]
[WhiteTeam "Albania"]
[BlackTeam "Jamaica"]
[WhiteTeamCountry "ALB"]
[BlackTeamCountry "JAM"]
[TimeControl "40/5400+30:1800+30"]

1. d4 Nf6 2. Nf3 e6 3. Bf4 c5 4. e3 d5 5. Nbd2 Bd6 6. dxc5 Bxc5 7. Bd3 Nc6 8. O-O O-O 9. c4 Qe7 10. Bg3 Rd8 11. Qe2 h6 12. Rac1 Bb6 13. a3 a5 14. Rfe1 d4 15. exd4 Nxd4 16. Nxd4 Bxd4 17. Rb1 a4 18. Bc2 Bd7 19. Nf3 Bb6 20. Ne5 Be8 21. Bh4 Rd4 22. Nf3 Rdd8 23. Red1 Qc5 24. Bg3 Rac8 25. Ne5 Bc7 26. Bd3 Nd7 27. Ng4 Bxg3 28. hxg3 h5 29. Ne3 Nf6 30. Rd2 Rd6 31. Rbd1 Rcd8 32. Bc2 Bc6 33. Rxd6 Rxd6 34. Rxd6 Qxd6 35. Nd1 Ng4 36. Nc3 Qd7 37. Qd1 Qxd1+ 38. Bxd1 Ne5 39. c5 Nd3 40. Nxa4 Bxa4 41. Bxa4 Nxc5 42. Bd1 g6 43. Bf3 b6 44. b4 Nb3 45. a4 Kf8 46. Bd1 Nd4 47. a5 Nc6 48. axb6 Nxb4 49. b7 Na6 50. f4 Ke7 51. Kf2 Kd6 52. Ke3 Kc7 53. Kd4 Nb8 54. Ba4 f6 55. Be8 Kxb7 56. Bxg6 Kc7 57. Bxh5 Kd6 58. Bf3 Nd7 59. Bd1 f5 60. Bc2 Nf6 61. Bd1 Nd7 62. Bf3 Nf6 63. Ke3 Kc5 64. Bd1 Nd5+ 65. Kf2 Kd6 66. Bc2 Ke7 67. Bd1 Kd6 68. Bf3 Nf6 69. Kg1 Ke7 70. Kh2 Nd7 71. g4 fxg4 72. Bxg4 Nc5 73. Kg3 Kf6 74. Bh3 e5 75. f5 Ne4+ 76. Kh4 Ng5 77. g4 e4 78. Bg2 e3 79. Kg3 e2 80. Kf2 Ke5 81. Kxe2 Kf4 82. f6 Kxg4 83. f7 Nxf7 1/2-1/2

[Event "45th FIDE Olympiad 2024"]
[Site "Budapest"]
[Date "2024.09.15"]
[Round "5.162"]
[White "Smith, Shreyas"]
[Black "Mehmeti, Dritan"]
[Result "0-1"]
[ECO "C02"]
[WhiteElo "2226"]
[BlackElo "2364"]
[PlyCount "70"]
[EventDate "2024.09.05"]
[EventType "team-tourn"]
[EventCountry "HUN"]
[WhiteTeam "Jamaica"]
[BlackTeam "Albania"]
[WhiteTeamCountry "JAM"]
[BlackTeamCountry "ALB"]
[TimeControl "40/5400+30:1800+30"]

1. e4 e6 2. d4 d5 3. e5 c5 4. c3 Nc6 5. Nf3 Qb6 6. Be2 cxd4 7. cxd4 Nge7 8. Na3 Nf5 9. Nc2 Bd7 10. O-O Be7 11. Bd3 Rc8 12. g4 Nh6 13. h3 Ng8 14. b4 h5 15. Be3 hxg4 16. hxg4 Nh6 17. Ng5 Nxb4 18. Nxb4 Qxb4 19. Rb1 Qa4 20. Qxa4 Bxa4 21. Rxb7 Bc6 22. Rxa7 Nxg4 23. Nxf7 Kxf7 24. Bg5 Rhe8 25. Rc1 Kf8 26. Bd2 Ba8 27. Rcc7 Rxc7 28. Rxc7 Nh6 29. a4 Nf5 30. Bc3 Rb8 31. a5 Bd8 32. Rc5 Ne7 33. Bb5 Kf7 34. Bd7 Rb7 35. Bc8 Rc7 {0-} 0-1

[Event "45th FIDE Olympiad 2024"]
[Site "Budapest"]
[Date "2024.09.15"]
[Round "5.163"]
[White "Veleshnja, Zino"]
[Black "Glaves, Raheem"]
[Result "1/2-1/2"]
[ECO "E11"]
[WhiteElo "2294"]
[BlackElo "2094"]
[PlyCount "94"]
[EventDate "2024.09.05"]
[EventType "team-tourn"]
[EventCountry "HUN"]
[WhiteTeam "Albania"]
[BlackTeam "Jamaica"]
[WhiteTeamCountry "ALB"]
[BlackTeamCountry "JAM"]
[TimeControl "40/5400+30:1800+30"]

1. d4 Nf6 2. c4 e6 3. g3 Bb4+ 4. Bd2 Qe7 5. Nf3 O-O 6. Bg2 Bxd2+ 7. Qxd2 d6 8. Nc3 Nc6 9. O-O Rd8 10. e4 e5 11. Nd5 Nxd5 12. cxd5 Nxd4 13. Nxd4 exd4 14. Qxd4 c5 15. Qd2 Bd7 16. f4 f5 17. e5 dxe5 18. d6 Qf6 19. Qd5+ Be6 20. fxe5 Bxd5 21. Bxd5+ Qf7 22. Rad1 Kf8 23. Bxf7 Kxf7 24. Rxf5+ Ke6 25. Rf2 Rd7 26. Kg2 Rc8 27. h4 c4 28. Kh3 b5 29. Kg4 h6 30. h5 b4 31. Rc2 c3 32. Rd4 a5 33. bxc3 bxc3 34. Kf4 Rc5 35. Re4 Rf7+ 36. Ke3 Rxe5 37. Rxc3 Rxe4+ 38. Kxe4 Kxd6 39. Rd3+ Kc5 40. Ke5 a4 41. g4 Kb4 42. a3+ Kc4 43. Rg3 Rf6 44. g5 hxg5 45. Rxg5 Rh6 46. Kf5 Kb3 47. Kg4 Rh7 1/2-1/2

[Event "45th FIDE Olympiad 2024"]
[Site "Budapest"]
[Date "2024.09.15"]
[Round "5.164"]
[White "McKennis, Darren"]
[Black "Xhembulla, Aleksander"]
[Result "0-1"]
[ECO "D36"]
[WhiteElo "1905"]
[BlackElo "2169"]
[PlyCount "74"]
[EventDate "2024.09.05"]
[EventType "team-tourn"]
[EventCountry "HUN"]
[WhiteTeam "Jamaica"]
[BlackTeam "Albania"]
[WhiteTeamCountry "JAM"]
[BlackTeamCountry "ALB"]
[TimeControl "40/5400+30:1800+30"]

1. d4 Nf6 2. c4 e6 3. Nc3 d5 4. cxd5 exd5 5. Bg5 c6 6. e3 h6 7. Bh4 Be7 8. Bd3 O-O 9. Qc2 Re8 10. Nf3 Ne4 11. Bxe7 Qxe7 12. O-O Bf5 13. Nd2 Nxd2 14. Qxd2 Bxd3 15. Qxd3 Nd7 16. Rfc1 Nb6 17. Qc2 Nc4 18. b3 Nd6 19. Na4 h5 20. h3 g6 21. Nc5 Kg7 22. a4 Qg5 23. Nd3 Re7 24. Qe2 Nf5 25. Ne5 Rae8 26. Nf3 Qf6 27. b4 Nxd4 28. Nxd4 Qxd4 29. b5 Qf6 30. bxc6 bxc6 31. Qa6 Rc7 32. Qa5 Rb7 33. Ra2 d4 34. exd4 Qxd4 35. Rxc6 Rb1+ 36. Kh2 Qf4+ 37. g3 Qe4 {0-} 0-1